 Dungeon Crawl Stone Soup version 0.24-a0-487-g57318f2 (webtiles) character file.

Game seed: 5784667225412705067

47 silentkaos13 the Insei (level 3, -8/26 HPs)
             Began as a Demonspawn Transmuter on July 9, 2019.
             Mangled by an iguana (11 damage)
             ... on level 2 of the Dungeon.
             The game lasted 00:03:06 (1452 turns).

silentkaos13 the Insei (Demonspawn Transmuter)      Turns: 1452, Time: 00:03:06

Health: -8/26      AC:  1    Str: 13    XL:     3   Next: 48%
Magic:  6/6        EV: 12    Int: 16    God:
Gold:   17         SH:  0    Dex: 13    Spells: 5/6 levels left

rFire    . . .     SeeInvis .     - Unarmed
rCold    + . .     Gourm    .   (no shield)
rNeg     . . .     Faith    .   b - +0 robe
rPois    .         Spirit   .   (no helmet)
rElec    .         Reflect  .   (no cloak)
rCorr    .         Harm     .   (no gloves)
MR       .....                  (no boots)
Stlth    +.........             (no amulet)
HPRegen  0.08/turn              (no ring)
MPRegen  0.10/turn              (no ring)

@: appendage (expiring)
A: hooves 2, horns 2, clever 1, cold resistance 1, deformed body, strong 1
a: End Transformation


You were on level 2 of the Dungeon.
You were not hungry.
You had grown temporary horns.
You visited 1 branch of the dungeon, and saw 2 of its levels.

You collected 17 gold pieces.

Inventory:

Missiles
 a - 12 arrows
Armour
 b - a +0 robe (worn)
 f - a +0 pair of gloves
Potions
 g - a potion of cancellation {unknown}
Comestibles
 d - 2 rations
 h - 3 chunks of flesh


   Skills:
 + Level 1.1 Fighting
 + Level 1.9 Dodging
 + Level 3.3 Unarmed Combat
 + Level 2.2 Spellcasting
 * Level 2.5 Transmutations


You had 5 spell levels left.
You knew the following spells:

 Your Spells              Type           Power        Failure   Level  Hunger
a - Beastly Appendage     Tmut           #.....       7%          1    #......

Your spell library contained the following spells:

 Spells                   Type           Power        Failure   Level  Hunger
 Sticks to Snakes         Tmut           #.......     11%         2    ###....
 Spider Form              Tmut/Pois      #.........   36%         3    ###....
 Ice Form                 Ice/Tmut       #.......     77%         4    #####..
 Blade Hands              Tmut           #.........   89%         5    ######.


Dungeon Overview and Level Annotations

Branches:
Dungeon (2/15)

Altars:


Innate Abilities, Weirdness & Mutations

You have hoof-like feet.
Your flesh is cold resistant. (rC+)
You have a pair of horns on your head.
Your mind is acute. (Int +2)
Armour fits poorly on your strangely shaped body.
Your muscles are strong. (Str +2)


Message History

* * * LOW HITPOINT WARNING * * *
You feel better. The iguana bites you.
Casting: Beastly Appendage (safe; 9% risk of failure)
Confirm with . or Enter, or press ? or * to list all spells.
You grow a pair of large bovine horns.
The iguana bites you but does no damage.
You hit the iguana but do no damage. Your kick misses the iguana.
The iguana is lightly wounded.
The iguana bites you!
* * * LOW HITPOINT WARNING * * *
You hit the iguana. You kick the iguana, but do no damage.
The iguana is moderately wounded.
The iguana barely misses you.
Your transformation is almost over.
You aren't carrying any scrolls.
It was a potion of mutation.
You feel extremely strange.
Your body twists and deforms.
You feel stronger.
You feel clever.
Your feet thicken and deform.
The iguana bites you!
You die...

########## #........#
#.######.#
##########)######.#
###............l.##.#
......######.###@##.#
##.....# #.# #.##.#
##...## #.###.##.#
##.## #........# #.#
##.......# #.#
#.##.##.# ##+#
#.##.##.# ##...##
#.##.##.# ##.....##
#.##.##.#


You could see an iguana.

Vanquished Creatures
  2 adders (D:2)
  A dart slug (D:1)
  A leopard gecko (D:2)
  3 giant cockroaches
  4 goblins
  4 hobgoblins
  4 kobolds
  A ball python (D:1)
  4 bats
  A rat (D:1)
25 creatures vanquished.

Notes
Turn   | Place    | Note
-------+----------+-------------------------------------------
     0 | D:1      | silentkaos13 the Demonspawn Transmuter began the quest for
                  | the Orb.
     0 | D:1      | Reached XP level 1. HP: 15/15 MP: 3/3
   274 | D:1      | Reached skill level 3 in Unarmed Combat
   274 | D:1      | Gained mutation: Your flesh is cold resistant. (rC+)
                  | [demonic ancestry]
   274 | D:1      | Reached XP level 2. HP: 12/21 MP: 5/5
  1203 | D:2      | Gained mutation: You have large cloven feet. [demonic
                  | ancestry]
  1203 | D:2      | Reached XP level 3. HP: 4/26 MP: 6/6
  1452 | D:2      | Gained mutation: Armour fits poorly on your strangely
                  | shaped body. [potion of mutation]
  1452 | D:2      | Gained mutation: Your muscles are strong. (Str +2) [potion
                  | of mutation]
  1452 | D:2      | Gained mutation: Your mind is acute. (Int +2) [potion of
                  | mutation]
  1452 | D:2      | Gained mutation: You have hoof-like feet. [potion of
                  | mutation]
  1452 | D:2      | Mangled by an iguana

Levels and vault maps discovered:
D:1:      minmay_arrival_arboretum_large, layout_basic
D:2:      layout_loops_corners, minmay_bisected

Skill      XL: |  1 |
---------------+----+-----
Transmutations | 2 |  2.5
Unarmed Combat | 3 |  3.3
Fighting       | |  1.1
Dodging        | |  1.9
Spellcasting   | |  2.2

Action                   || total
-------------------------++-------
Melee: Unarmed           ||   107
       Kick              ||     8
       Headbutt          ||     4
       Punch             ||     1
 Cast: Beastly Appendage ||     8
  Use: Potion            ||     3
  Eat: Chunk             ||     2
Armor: Robe              ||    19
Dodge: Dodged            ||    66

Table legend:
 A = Non-vault XP
 B = Vault XP
 C = Vault XP percentage of total XP
 D = Non-vault monster count
 E = Vault monster count
 F = Vault count percentage of total count
                 A         B        C        D         E       F
            +---------+---------+-------+---------+---------+-------
      Total |      68 |       0 |   0.0 |      25 |       0 |   0.0
            +---------+---------+-------+---------+---------+-------
        D:1 |      26 |       0 |   0.0 |      14 |       0 |   0.0
        D:2 |      42 |       0 |   0.0 |      11 |       0 |   0.0
            +---------+---------+-------+---------+---------+-------
